General information
- name: BNet
- type: Ladder 1vs1/FFA
- host: Battle.net
- saver: TheHunter99
map: MeltingValley
- players: 2
- length: 17:53
- speed: Fast
- version: 1.24 W3XP
- replay type: Public
» download(71 KB)
Players
team 1 (loser)
TheHunter99 (
pink | 85 APM | 1512 actions | 17:53)
5 Mountain King
3 Storm Bolt
2 Bash
3 Blood Mage
1 Banish
2 Siphon Mana
» actions
| Assign group hotkey | 8 | |
| Basic commands | 53 | |
| Build / train | 68 | |
| ESC pressed | 1 | |
| Enter build submenu | 28 | |
| Enter hero's abilities submenu | 8 | |
| Give item / drop item | 3 | |
| Right click | 884 | |
| Select / deselect | 369 | |
| Select group hotkey | 11 | |
| Use ability | 79 | |
1512 total
» units
| Peasant | 17 | |
| Footman | 7 | |
| Forest Troll Shadow Priest | 2 | |
| Forest Troll Berserker | 1 | |
| Ogre Mauler | 1 | |
| Mud Golem | 1 | |
| Rifleman | 3 | |
| Mortar Team | 4 | |
| Sorceress | 2 | |
| Priest | 1 | |
39 total
» upgrades
| Defend | 1 | |
| Fragmentation Shards | 1 | |
| Flare | 1 | |
3 total
» buildings
| Altar of Kings | 1 | |
| Farm | 9 | |
| Barracks | 1 | |
| Lumber Mill | 1 | |
| Scout Tower | 6 | |
| Town Hall | 1 | |
| Guard Tower | 2 | |
| Arcane Tower | 2 | |
| Keep | 4 | |
| Blacksmith | 1 | |
| Castle | 1 | |
| Workshop | 2 | |
| Arcane Sanctum | 1 | |
| Arcane Vault | 2 | |
| Gryphon Aviary | 2 | |
36 total
» build order
00:05 Altar of Kings
00:18 Farm
00:20 Barracks
00:53 Farm
01:32 Farm
02:55 Farm
03:15 Farm
03:19 Lumber Mill
04:32 Scout Tower
04:33 Scout Tower
04:36 Town Hall
05:05 Guard Tower
05:07 Arcane Tower
05:10 Scout Tower
06:28 Scout Tower
06:28 Scout Tower
06:32 Scout Tower
06:36 Keep
06:36 Keep
06:36 Keep
07:01 Guard Tower
07:49 Arcane Tower
07:50 Blacksmith
09:29 Castle
09:37 Workshop
09:38 Workshop
10:02 Farm
10:06 Farm
10:19 Arcane Sanctum
10:32 Arcane Vault
10:59 Farm
11:04 Arcane Vault
12:12 Farm
14:06 Gryphon Aviary
14:07 Gryphon Aviary
» items
| Boots of Speed | 1 | |
| Dust of Appearance | 1 | |
| Staff of Teleportation | 1 | |
| Scroll of Healing | 1 | |
| Potion of Lesser Invulnerability | 1 | |
5 total
team 2 (winner)
CHuMP (
green | 89 APM | 1588 actions | 17:53)
4 Warden
2 Shadow Strike
2 Blink
» actions
| Assign group hotkey | 41 | |
| Basic commands | 10 | |
| Build / train | 66 | |
| ESC pressed | 6 | |
| Enter build submenu | 19 | |
| Enter hero's abilities submenu | 5 | |
| Give item / drop item | 2 | |
| Right click | 729 | |
| Select / deselect | 348 | |
| Select group hotkey | 280 | |
| Use ability | 82 | |
1588 total
» units
| Wisp | 33 | |
| Archer | 1 | |
| Forest Troll Shadow Priest | 2 | |
| Forest Troll Berserker | 1 | |
| Dryad | 6 | |
43 total
» upgrades
| Ultravision | 1 | |
| Strength of the Wild | 1 | |
2 total
» buildings
| Altar of Elders | 1 | |
| Moon Well | 8 | |
| Ancient of War | 2 | |
| Hunter's Hall | 2 | |
| Tree of Ages | 1 | |
| Ancient of Lore | 2 | |
| Tree of Eternity | 2 | |
| Ancient of Wonders | 1 | |
| Tree of Life | 2 | |
21 total
» build order
00:06 Altar of Elders
00:17 Moon Well
00:26 Ancient of War
01:41 Moon Well
03:02 Ancient of War
03:03 Moon Well
03:59 Hunter's Hall
04:04 Tree of Ages
04:49 Moon Well
05:20 Hunter's Hall
06:29 Ancient of Lore
06:30 Ancient of Lore
07:36 Tree of Eternity
08:26 Ancient of Wonders
09:16 Moon Well
09:36 Moon Well
12:30 Tree of Eternity
12:36 Tree of Life
13:01 Moon Well
16:18 Moon Well
16:41 Tree of Life
» items
| Boots of Speed | 2 | |
| Scroll of Healing | 2 | |
| Potion of Lesser Invulnerability | 1 | |
| Potion of Healing | 1 | |
6 total
Chat log
(00:39 / All) CHuMP: hi
(00:40 / All) CHuMP: gl
(00:41 / All) TheHunter99: u2
(00:51 / All) CHuMP: do u get a lot of hackers?
(00:57 / All) TheHunter99: 2 games so far
(00:58 / All) TheHunter99: none yet
(01:09 / All) CHuMP: no i mean
(01:14 / All) CHuMP: in ladder
(01:15 / All) CHuMP: overall
(01:20 / All) TheHunter99: i really haven't been playing much lately
(01:22 / All) CHuMP: i havnt solo laddered
(01:23 / All) TheHunter99: but 2 games today
(01:24 / All) TheHunter99: and none
(01:30 / All) CHuMP: ah i c
(07:45 / All) CHuMP: mind giving me the win?
(07:59 / All) TheHunter99: i'd rather get it
(08:05 / All) CHuMP: i know u would
(08:08 / All) CHuMP: but im 8-0
(08:14 / All) CHuMP: and i fucking thought u were UD
(08:14 / All) CHuMP: lol
(08:20 / All) CHuMP: my AOW stupidly died
(08:25 / All) TheHunter99: unfortunate
(08:51 / All) CHuMP: pls?
(08:52 / All) CHuMP: :/
(08:55 / All) CHuMP: i dont want to start all over
(08:58 / All) CHuMP: ill owe u big
(09:39 / All) CHuMP: ill owe u big bro
(09:47 / All) TheHunter99: srry man
(09:50 / All) TheHunter99: not happenin
(09:53 / All) CHuMP: what are u gonna lose
(09:57 / All) TheHunter99: this game
(10:01 / All) CHuMP: 135-70
(10:01 / All) CHuMP: come on
(11:01 / All) CHuMP: come on dood
(11:04 / All) CHuMP: for real?
(11:06 / All) CHuMP: u really care
(11:08 / All) TheHunter99: yeah for real
(11:09 / All) TheHunter99: yep
(11:10 / All) CHuMP: ur record is shit anyways man
(11:12 / All) CHuMP: no offense
(11:13 / All) CHuMP: come on
(14:42 / All) CHuMP: dood
(14:46 / All) CHuMP: come on mkan
(14:46 / All) TheHunter99: u have paypal?
(14:53 / All) CHuMP: pls man
(14:56 / All) TheHunter99: 10 dollars and i'll leave
(15:02 / All) CHuMP: are u fuckin serious
(15:03 / All) CHuMP: come on man
(15:08 / All) CHuMP: ill assure u im not as bad as i seem
(15:12 / All) CHuMP: stupidly lost AOW
(15:15 / All) CHuMP: cuz i thought i had wisps there
(15:18 / All) CHuMP: pls ill owe u big
(15:20 / All) CHuMP: i swear to you
(15:23 / All) TheHunter99: 10 dollars big?
(15:25 / All) CHuMP: whats 1 more loss
(15:26 / All) CHuMP: to you
(15:29 / All) CHuMP: i dont have paypal dood
(15:35 / All) CHuMP: 10 dollars is nothing
(15:39 / All) TheHunter99: doesn't take long to sign up
(15:47 / All) CHuMP: how am i gonna get money in it?
(15:50 / All) CHuMP: they give u free money?
(15:53 / All) TheHunter99: bank acct
(16:03 / All) CHuMP: it takes like a week
(16:05 / All) CHuMP: to authorize it
(16:13 / All) TheHunter99: sucks
(16:24 / All) CHuMP: i swear
(16:26 / All) CHuMP: ill give u $5
(16:29 / All) CHuMP: from my sisters accnt
(16:35 / All) CHuMP: when
(16:49 / All) CHuMP: OK
(16:49 / All) CHuMP: OK
(16:51 / All) CHuMP: ill give u 10
(16:53 / All) CHuMP: relax
(16:56 / All) TheHunter99: lol
(17:44 / All) CHuMP: okkk
(17:45 / All) CHuMP: relax
(17:47 / All) CHuMP: $10
(17:53 / All) TheHunter99: ok gg man